 Dungeon Crawl Stone Soup version 0.32-a0-814-g0968bab981 (webtiles) character file.

Game seed: 3028568271945380

1010 smashvw the Shield-Bearer (level 8, -20/58 HPs)
             Began as a Gnoll Wanderer on Mar 22, 2024.
             Demolished by a shadow (28 damage)
             ... on level 5 of the Dungeon.
             The game lasted 00:09:54 (4837 turns).

smashvw the Shield-Bearer (Gnoll Wanderer)          Turns: 4837, Time: 00:09:55

Health: -20/58     AC: 12    Str: 25    XL:     8   Next: 21%
Magic:  14/14      EV:  9    Int: 12    God:
Gold:   270        SH: 10    Dex:  9    Spells: 14/15 levels left

rFire   . . .        I - +1 dagger of Analysis {drain, rElec rPois Str+5 Stlth+}
rCold   . . .        b - +0 buckler
rNeg    . . .        e - +0 scale mail
rPois   +            H - +2 hat
rElec   +            (no cloak)
rCorr   .            (no gloves)
SInv    .            (no boots)
Will    .....        q - amulet of reflection
Stlth   ++           w - +4 ring of protection
HPRegen 0.29/turn    K - ring "Beckupen" {Fly Str+4 Slay+2}
MPRegen 0.14/turn

%: reflection
@: flying
A: fangs 1, strong nose, distributed training
a: no special abilities


You were on level 5 of the Dungeon.
You visited 1 branch of the dungeon, and saw 5 of its levels.

You collected 270 gold pieces.

Inventory:

Hand Weapons
 d - a +0 flail of holy wrath
 v - a +0 shortbow
 B - a +1 heavy sling
 I - the +1 dagger of Analysis (weapon) {drain, rElec rPois Str+5 Stlth+}
   (You found it on level 5 of the Dungeon)

   Str+5:     It affects your strength (+5).
   rElec:     It insulates you from electricity.
   rPois:     It protects you from poison.
   Stlth+:    It makes you more stealthy.
Missiles
 t - 70 stones
 u - 5 boomerangs (quivered)
 C - 2 poisoned darts
 J - 4 darts of dispersal
Armour
 b - a +0 buckler (worn)
 e - a +0 scale mail (worn)
 H - a +2 hat (worn)
Jewellery
 g - an amulet of magic regeneration
 n - an amulet of the acrobat
 q - an amulet of reflection (around neck)
 s - a ring of resist corrosion
 w - a +4 ring of protection (left hand)
 K - the ring "Beckupen" (right hand) {Fly Str+4 Slay+2}
   (You found it on level 5 of the Dungeon)

   [ring of flight]

   Str+4:     It affects your strength (+4).
   Slay+2:    It affects your accuracy & damage with ranged weapons and melee
   (+2).
   Fly:       It grants you flight.
Talismans
 a - a beast talisman
 x - a serpent talisman
Wands
 E - a wand of flame (12)
Scrolls
 j - 9 scrolls of identify
 l - 3 scrolls of fear {unknown}
 m - a scroll of summoning {unknown}
 o - 3 scrolls of torment {unknown}
 y - a scroll of noise {unknown}
 A - 4 scrolls of fog
 F - 3 scrolls of teleportation {unknown}
Potions
 c - a potion of berserk rage
 f - 2 potions of heal wounds {unknown}
 h - a potion of mutation {unknown}
 i - 2 potions of might {unknown}
 k - 2 potions of lignification {unknown}
 p - a potion of haste {unknown}
 r - 2 potions of magic {unknown}
 z - a potion of ambrosia {unknown}
 D - 2 potions of cancellation {unknown}
 G - a potion of invisibility {unknown}


   Skills:
 + Level 3.2 Fighting
 + Level 3.2 Short Blades
 + Level 3.2 Long Blades
 + Level 7.3 Axes
 + Level 3.2 Maces & Flails
 + Level 3.2 Polearms
 + Level 3.2 Staves
 + Level 3.2 Ranged Weapons
 + Level 3.2 Throwing
 + Level 3.2 Armour
 + Level 3.2 Dodging
 + Level 3.2 Stealth
 + Level 7.3 Shields
 + Level 3.2 Unarmed Combat
 + Level 4.3 Spellcasting
 + Level 2.6 Conjurations
 + Level 2.6 Hexes
 + Level 2.6 Summonings
 + Level 2.6 Necromancy
 + Level 6.1 Translocations
 + Level 2.6 Fire Magic
 + Level 2.6 Ice Magic
 + Level 2.6 Air Magic
 + Level 2.6 Earth Magic
 + Level 2.6 Alchemy
 + Level 3.5 Invocations
 + Level 3.2 Evocations
 + Level 2.9 Shapeshifting


You had 14 spell levels left.
You knew the following spells:

 Your Spells              Type           Power      Damage    Failure   Level
a - Apportation           Tloc           34%        N/A       4%          1

Your spell library contained the following spells:

 Spells                   Type           Power      Damage    Failure   Level
 Momentum Strike          Conj/Tloc      26%        3d8       14%         2
 Sandblast                Erth           16%        2d6       21%         1
 Summon Small Mammal      Summ           32%        N/A       21%         1
 Call Canine Familiar     Summ           8%         N/A       52%         3
 Sigil of Binding         Hex            8%         N/A       52%         3
 Stone Arrow              Conj/Erth      16%        3d8       52%         3
 Dimensional Bullseye     Hex/Tloc       6%         N/A       67%         4
 Brom's Barrelling Bould  Conj/Erth      8%         2d3       89%         4
 Summon Blazeheart Golem  Fire/Summ      8%         N/A       89%         4
 Death Channel            Necr           4%         N/A       100%        6
 Sculpt Simulacrum        Ice/Alch       4%         N/A       100%        6


Dungeon Overview and Level Annotations

Branches:
Dungeon (5/15)
 Temple: D:4-7

Altars:
Dithmenos
Fedhas
Gozag
Makhleb
Nemelex Xobeh
Xom

Annotations:
D:5 1 runed translucent door, Crazy Yiuf


Innate Abilities, Weirdness & Mutations

You have very sharp teeth.
Your uncanny sense of smell can sniff out nearby items.
Your experience applies equally to all skills.


Message History

You hit the shadow.
The shadow is moderately damaged.
You barely miss the shadow.
The shadow is moderately damaged.
You block the shadow's attack.
You hit the shadow.
The shadow is moderately damaged.
The shadow closely misses you.
You closely miss the shadow.
The shadow is moderately damaged.
The shadow slips into darkness.
The shadow flickers and vanishes!
Deactivating autopickup; reactivate with Ctrl-A.
You miss something.
The shadow strikes at you from the darkness!
* * * LOW HITPOINT WARNING * * *
Reactivating autopickup.
You hit the shadow but do no damage. Your bite misses the shadow.
The shadow is moderately damaged.
You barely miss the shadow.
The shadow is moderately damaged.
The shadow hits you.
You hit the shadow.
The shadow is heavily damaged.
The shadow barely misses you.
You completely miss the shadow.
The shadow is heavily damaged.
The shadow hits you!
* * * LOW HITPOINT WARNING * * *
You hit the shadow but do no damage. You bite the shadow, but do no damage.
The shadow is heavily damaged.
The shadow slips into darkness.
The shadow flickers and vanishes!
Deactivating autopickup; reactivate with Ctrl-A.
Okay, then.
As you read the scroll labelled AGHAXZ YTAE, it crumbles to dust.
It is a scroll of identify.
A - 4 scrolls of fog The shadow strikes at you from the darkness!
You die...

##.# #.............
#######'#######
##.#####.....<.
#.............#
#..#####.......
#.............#
###..............
#..........[..#
#....#####.......
#.............#
#.#.## #.......
#.............# #.#.#
#.......
#.............###.#.#
########
#.............'{@.#..
#.............###.###
#.............# ###
#.............# #####
#########'##+##
##.... #.##.# #...
#.##.##########.#
#...............#
####..#######...#


There were no monsters in sight!

Vanquished Creatures
  Grinder (D:5)
  Prince Ribbit (D:5)
  Eustachio (D:4)
  A centaur (D:3)
  2 scorpions (D:4)
  A bombardier beetle (D:5)
  4 crimson imps (D:3)
  A hound (D:4)
  An iguana (D:4)
  2 adders
  A gnoll (D:1)
  A dart slug (D:1)
  An orc (D:3)
  5 endoplasms
  2 giant cockroaches
  3 goblins
  4 hobgoblins
  4 jackals (D:3)
  8 kobolds
  6 quokkas
  3 bats
  5 frilled lizards
  8 rats
66 creatures vanquished.

Notes
Turn   | Place    | Note
-------+----------+-------------------------------------------
     0 | D:1      | smashvw the Gnoll Wanderer began the quest for the Orb.
     0 | D:1      | smashvw set off with the following items: a +0 hand axe, a
                  | +0 buckler, a potion of berserk rage, a +0 leather armour;
                  | and the following spell memorised: Apportation; and the
                  | following spells available to memorise: Momentum Strike,
                  | Dimensional Bullseye.
     0 | D:1      | Reached XP level 1. HP: 13/13 MP: 4/4
   184 | D:1      | Reached XP level 2. HP: 19/19 MP: 5/5
   851 | D:1      | Reached XP level 3. HP: 20/25 MP: 7/7
   880 | D:1      | Reached skill level 1 in Invocations
  1268 | D:2      | Found a shadowy altar of Dithmenos.
  1430 | D:2      | Reached skill level 1 in Fighting
  1430 | D:2      | Reached skill level 1 in Short Blades
  1430 | D:2      | Reached skill level 1 in Long Blades
  1430 | D:2      | Reached skill level 1 in Maces & Flails
  1430 | D:2      | Reached skill level 1 in Polearms
  1430 | D:2      | Reached skill level 1 in Staves
  1430 | D:2      | Reached skill level 1 in Ranged Weapons
  1430 | D:2      | Reached skill level 1 in Throwing
  1430 | D:2      | Reached skill level 1 in Armour
  1430 | D:2      | Reached skill level 1 in Dodging
  1430 | D:2      | Reached skill level 1 in Stealth
  1430 | D:2      | Reached skill level 1 in Unarmed Combat
  1430 | D:2      | Reached skill level 1 in Evocations
  2247 | D:3      | Noticed a centaur
  2250 | D:3      | Killed a centaur
  2251 | D:3      | Reached skill level 1 in Conjurations
  2251 | D:3      | Reached skill level 1 in Hexes
  2251 | D:3      | Reached skill level 1 in Summonings
  2251 | D:3      | Reached skill level 1 in Necromancy
  2251 | D:3      | Reached skill level 1 in Fire Magic
  2251 | D:3      | Reached skill level 1 in Ice Magic
  2251 | D:3      | Reached skill level 1 in Air Magic
  2251 | D:3      | Reached skill level 1 in Earth Magic
  2251 | D:3      | Reached skill level 1 in Alchemy
  2251 | D:3      | Reached skill level 1 in Shapeshifting
  2251 | D:3      | Reached XP level 4. HP: 32/32 MP: 8/8
  2251 | D:3      | Reached XP level 5. HP: 37/37 MP: 9/9
  2377 | D:3      | Found a burning altar of Makhleb.
  2648 | D:3      | Found a shimmering altar of Xom.
  2694 | D:3      | Reached XP level 6. HP: 19/44 MP: 9/11
  2700 | D:3      | HP: 2/44 [crimson imp/+2 dagger of chaos (10)]
  3241 | D:4      | Noticed Eustachio
  3283 | D:4      | Killed Eustachio
  3284 | D:4      | Reached XP level 7. HP: 28/50 MP: 12/12
  3371 | D:4      | Found a sparkling altar of Nemelex Xobeh.
  4069 | D:5      | Entered Level 5 of the Dungeon
  4069 | D:5      | Noticed Grinder
  4087 | D:5      | Killed Grinder
  4185 | D:5      | Found a blossoming altar of Fedhas.
  4188 | D:5      | Found an opulent altar of Gozag.
  4236 | D:5      | Noticed Prince Ribbit
  4262 | D:5      | Killed Prince Ribbit
  4263 | D:5      | Reached XP level 8. HP: 40/58 MP: 14/14
  4335 | D:5      | Found a runed translucent door.
  4336 | D:5      | Noticed Crazy Yiuf
  4697 | D:5      | Identified the +1 dagger of Analysis {drain, rElec rPois
                  | Str+5 Stlth+}
  4791 | D:5      | Identified the ring "Beckupen" {Fly Str+4 Slay+2}
  4811 | D:5      | Noticed a shadow
  4837 | D:5      | Demolished by a shadow

Illustrated notes

Levels and vault maps discovered:
D:1:      matt_arrival_refuge, layout_basic, reono_crystal_passage,
          minmay_misc_feat_more_columns
D:2:      layout_basic, basic_altar
D:3:      layout_loops_cross, led_xom_imps, lemuel_crystal_altar,
          chequers_mini_garden
D:4:      layout_loops_ring, nemelex_diamond_rough_becter,
          hangedman_decor_growths, uniq_eustachio
D:5:      layout_basic, grunt_temple_overflow_open, uniq_crazy_yiuf_cottage,
          uniq_blork_the_orc, uniq_grinder, uniq_prince_ribbit1

Skill      XL: |  1  2  3  4  5  6  7 |
---------------+----------------------+-----
Invocations    | 1 2 3 |  3.5
Fighting       | 1 2 3 |  3.2
Short Blades   | 1 2 3 |  3.2
Long Blades    | 1 2 3 |  3.2
Maces & Flails | 1 2 3 |  3.2
Polearms       | 1 2 3 |  3.2
Staves         | 1 2 3 |  3.2
Ranged Weapons | 1 2 3 |  3.2
Throwing       | 1 2 3 |  3.2
Armour         | 1 2 3 |  3.2
Dodging        | 1 2 3 |  3.2
Stealth        | 1 2 3 |  3.2
Unarmed Combat | 1 2 3 |  3.2
Evocations     | 1 2 3 |  3.2
Spellcasting   | 3 4 |  4.3
Conjurations   | 1 2 |  2.6
Hexes          | 1 2 |  2.6
Summonings     | 1 2 |  2.6
Necromancy     | 1 2 |  2.6
Fire Magic     | 1 2 |  2.6
Ice Magic      | 1 2 |  2.6
Air Magic      | 1 2 |  2.6
Earth Magic    | 1 2 |  2.6
Alchemy        | 1 2 |  2.6
Shapeshifting  | 1 2 |  2.9
Axes           | 7 |  7.3
Shields        | 7 |  7.3
Translocations | 6 |  6.1

Action                     |  1- 3 |  4- 6 |  7- 9 || total
---------------------------+-------+-------+-------++-------
  Melee: Dagger            |   104 |       |    22 ||   126
         Hand axe          |    22 |       |       ||    22
         Bite              |    13 |    11 |     3 ||    27
         Flail             |    58 |   138 |    28 ||   224
   Fire: Sling             |       |       |    32 ||    32
  Throw: Boomerang         |       |    12 |     5 ||    17
         Dart              |       |       |     2 ||     2
   Cast: Apportation       |       |     1 |       ||     1
  Evoke: Wand              |       |       |     4 ||     4
    Use: Potion            |       |     3 |       ||     3
         Scroll            |       |       |     1 ||     1
 Armour: Leather armour    |    59 |       |       ||    59
         Skin              |     3 |       |       ||     3
         Scale mail        |    29 |    90 |    48 ||   167
  Dodge: Dodged            |    87 |    49 |    31 ||   167
  Block: Buckler           |    50 |    85 |    30 ||   165
         Reflection        |     4 |     6 |       ||    10

Table legend: (Time is in decaauts)
 A = Elapsed time spent in this place.
 B = Non-inter-level travel time spent in this place.
 C = Inter-level travel time spent in this place.
 D = Time resting spent in this place.
 E = Time spent auto-exploring this place.
 F = Levels seen in this place.
 G = Mean time per level.
                   A        B        C        D        E       F      G
               +--------+--------+--------+--------+--------+-----+--------+
         Total |   4960 |   4812 |    148 |    116 |   3794 |   5 |  992.0 |
       Dungeon |   4960 |   4812 |    148 |    116 |   3794 |   5 |  992.0 |
               +--------+--------+--------+--------+--------+-----+--------+

Top non-repeatable levels by time:
     D:1: 1193 daAuts
     D:2: 1031 daAuts
     D:3: 995 daAuts
     D:4: 968 daAuts
     D:5: 770 daAuts
